 Dungeon Crawl Stone Soup version 0.28-a0-1117-g0bdd5ba030 (console) character file.

Game seed: 4592512874957079472

6 petzl the Vexing (level 1, -1/13 HPs)
             Began as an Octopode Arcane Marksman on Dec 11, 2021.
             Slain by an adder (3 damage)
             ... on level 3 of the Dungeon.
             The game lasted 00:00:59 (248 turns).

petzl the Vexing (Octopode Arcane Marksman)          Turns: 248, Time: 00:01:00

Health: -1/13      AC:  1    Str:  9    XL:     1   Next: 90%
Magic:  2/2        EV: 13    Int: 15    God:
Gold:   15         SH:  0    Dex: 12    Spells: 1/2 levels left

rFire   . . .      SeeInvis .   a - +0 hand crossbow
rCold   . . .      Faith    .   (no shield)
rNeg    . . .      Spirit   .   (helmet restricted)
rPois   .          Reflect  .   (no amulet)
rElec   .          Harm     .   (no ring)
rCorr   .          Rampage  .   (no ring)
Will    .....                   (no ring)
Stlth   +++.......              (no ring)
HPRegen 0.04/turn               (no ring)
MPRegen 0.08/turn               (no ring)
                                (no ring)
                                (no ring)

@: no status effects
A: almost no armour, amphibious, 8 rings, camouflage 1, gelatinous body 1,
(nimble swimmer 1), tentacles
a: no special abilities


You were on level 3 of the Dungeon.
You visited 1 branch of the dungeon, and saw 3 of its levels.

You collected 15 gold pieces.

Inventory:

Hand Weapons
 a - a +0 hand crossbow (weapon)
Missiles
 c - 9 bolts (quivered ammo)
Scrolls
 b - a scroll of immolation {unknown}
Potions
 d - a potion of mutation {unknown}


   Skills:
 + Level 1.1 Fighting
 + Level 2.1 Crossbows
 + Level 2.1 Dodging
 * Level 1.1 Stealth
 + Level 1.1 Spellcasting
 - Level 3.0 Hexes


You had one spell level left.
You knew the following spells:

 Your Spells              Type           Power      Damage    Failure   Level
a - Slow                  Hex            36%        N/A       7%          1

Your spell library contained the following spells:

 Spells                   Type           Power      Damage    Failure   Level
 Inner Flame              Hex/Fire       5%         N/A       36%         3
 Portal Projectile        Hex/Tloc       10%        N/A       36%         3
 Cause Fear               Hex            4%         N/A       56%         4


Dungeon Overview and Level Annotations

Branches:
Dungeon (3/15)

Altars:


Innate Abilities, Weirdness & Mutations

You cannot wear most types of armour.
You are amphibious.
You can wear up to eight rings at the same time.
Your skin changes colour to match your surroundings (Stealth+).
Your rubbery body absorbs attacks. (AC +1, EV +1)
((You are camouflaged near water. (Stealth+)))
You have tentacles for arms and can constrict up to eight enemies at once.


Message History

Okay, then.
Unknown command.
You are too injured to fight recklessly!
Fire: 10 bolts
Press: ? - help, Q - select action, (/) - cycle Shift-Dir - straight line, f - rat
Aim: a rat (62% to hit)
You shoot a bolt. The bolt hits the rat.
You kill the rat!
A rat comes into view.
Things that are here:
a bolt; a rat corpse
Found a hand axe.
There is a stone staircase leading down here.
You climb downwards.
The adder hisses angrily.
Found a scroll labelled YNWEODW PIBOFA and a scroll labelled FURPHO MILINAG.
There is a stone staircase leading up here.
Found an escape hatch in the floor.
A bat comes into view.
The giant cockroach barely misses you.
There is an escape hatch in the floor here.
The giant cockroach barely misses you.
The giant cockroach bites you but does no damage.
You slide downwards.
The hatch slams shut behind you.
The giant cockroach bites you but does no damage.
The giant cockroach misses you.
A ball python and an adder come into view.
The ball python hisses angrily.
Found a stone staircase leading down.
The adder hisses angrily.
The ball python misses you. The ball python grabs you.
The ball python constricts you. The ball python bites you.
* * * LOW HITPOINT WARNING * * *
The ball python constricts you.
* * * LOW HITPOINT WARNING * * *
The giant cockroach barely misses you.
You escape the ball python's grasp.
An adder comes into view.
Found a gilded ring and a hand axe.
The adder bites you.
You die...

### ...
##########.#
...........
#......#
#......# .#).
#......# ....
#......###..
####..S..#..
#.....#.#
#.....#.# #
#....B#.#.#
#......@..#
.S....#.#S..#
.........#..#
......... ....
......##.#.>..#
......
#.#.....=
#####.
..####.... ##
S...


You could see 2 adders and a giant cockroach.

Vanquished Creatures
  An endoplasm (D:1)
  A goblin (D:1)
  A bat (D:1)
  2 frilled lizards (D:1)
  2 rats (D:1)
7 creatures vanquished.

Notes
Turn   | Place    | Note
-------+----------+-------------------------------------------
     0 | D:1      | petzl the Octopode Arcane Marksman began the quest for the
                  | Orb.
     0 | D:1      | Reached XP level 1. HP: 13/13 MP: 2/2
   181 | D:1      | Reached skill level 1 in Stealth
   248 | D:3      | Slain by an adder

Illustrated notes

Levels and vault maps discovered:
D:1:      minmay_arrival_semitransparent, layout_loops_ring,
          chequers_ecumenical_altar_twisty, kennysheep_doodads
D:2:      layout_rooms
D:3:      layout_basic, minmay_ruptured, uniq_terence

Skill      XL: |  1 |
---------------+----+-----
Stealth        | 1 |  1.1
Fighting       | |  1.1
Crossbows      | |  2.1
Dodging        | |  2.1
Spellcasting   | |  1.1
Hexes          | |  3.0

Action                   || total
-------------------------++-------
 Fire: Hand crossbow     ||    23
Armor: Skin              ||     3
Dodge: Dodged            ||    14

Table legend: (Time is in decaauts)
 A = Elapsed time spent in this place.
 B = Non-inter-level travel time spent in this place.
 C = Inter-level travel time spent in this place.
 D = Time resting spent in this place.
 E = Time spent auto-exploring this place.
 F = Levels seen in this place.
 G = Mean time per level.
                   A        B        C        D        E       F      G
               +--------+--------+--------+--------+--------+-----+--------+
         Total |    256 |    256 |      0 |      9 |    143 |   3 |   85.3 |
       Dungeon |    256 |    256 |      0 |      9 |    143 |   3 |   85.3 |
               +--------+--------+--------+--------+--------+-----+--------+

Top non-repeatable levels by time:
     D:1: 243 daAuts
     D:3: 7 daAuts
     D:2: 5 daAuts
